Match 43467627
Unlisted

Match 43467627
End
Panzergrenadier Squad
250 Light Carrier
Panzergrenadier Squad
Construct Light Support Kompanie
Combat Half-tracks
MG34 Team
2.5-tonne Medical Truck
Panzerjäger Mechanized Group
Construct Mechanized Kompanie
Selects Italian Infantry
Selects Guastatori Squad
Selects L6/40 Light Tank Combat Group
254 Reconnaissance Tractor
L6/40 Light Tank Combat Group
Veteran Squad Leaders
Construct Panzerarmee Kommand
Guastatori Squad
Chikage
嫂子开门我是我哥
Jeremy
JT
LoCo|StetoGuy
GarryOwen\O-O
Masang
[EPIC]SAGEKING
0
0

Comments sign in to comment!

No comments posted yet!